 Dungeon Crawl Stone Soup version 0.20.1-1-g8b1a95d (webtiles) character file.

93 StormFighter the Ruffian (level 4, 0/35 HPs)
             Began as a Draconian Transmuter on July 10, 2017.
             Killed by divine providence
             ... invoked by an orc priest
              (13 damage)
             ... on level 3 of the Dungeon.
             The game lasted 00:03:37 (1744 turns).

StormFighter the Ruffian (Draconian Transmuter)     Turns: 1744, Time: 00:03:38

Health: 0/35       AC:  5    Str: 15    XL:     4   Next: 36%
Magic:  6/7        EV: 12    Int: 14    God:
Gold:   81         SH:  0    Dex: 11    Spells: 1/7 levels left

rFire    . . .     SeeInvis .     - Unarmed
rCold    . . .     Gourm    .   (no shield)
rNeg     . . .     Faith    .   (armour unavailable)
rPois    .         Spirit   .   (helmet restricted)
rElec    .         Reflect  .   (no cloak)
rCorr    .         Harm     .   (no gloves)
MR       .....                  (no boots)
Stlth    +.........             o - amulet of regeneration
Regen    0.6/turn               m - +2 ring of strength
MPRegen  0.1/turn               (no ring)

@: no status effects
A: unfitting armour, cold-blooded, AC +5
a: no special abilities


You were on level 3 of the Dungeon.
You were not hungry.

You visited 1 branch of the dungeon, and saw 3 of its levels.

You collected 81 gold pieces.

Inventory:

Missiles
 a - 8 arrows
Jewellery
 m - a +2 ring of strength (left hand)
 o - an amulet of regeneration (around neck)
 r - a +4 amulet of reflection {unknown}
Scrolls
 d - 2 scrolls of remove curse {unknown}
 e - a scroll of recharging {unknown}
 g - a scroll of immolation {unknown}
 h - 4 scrolls of identify {unknown}
 k - a scroll of enchant weapon {unknown}
 q - a scroll of noise {unknown}
Potions
 i - 2 potions of haste {unknown}
 j - 2 potions of curing {unknown}
 n - a potion of ambrosia {unknown}
Books
 b - a book of Changes

   Spells                             Type                      Level
   a - Beastly Appendage              Transmutation                1
   b - Sticks to Snakes               Transmutation                2
   c - Spider Form                    Transmutation/Poison         3
   d - Ice Form                       Ice/Transmutation            4
   e - Blade Hands                    Transmutation                5
 s - a book of Minor Magic

   Spells                             Type                      Level
   a - Magic Dart                     Conjuration                  1
   b - Blink                          Translocation                2
   c - Call Imp                       Summoning                    2
   d - Slow                           Hexes                        2
   e - Conjure Flame                  Conjuration/Fire             3
   f - Mephitic Cloud                 Conjuration/Poison/Air       3
Comestibles
 c - 2 bread rations
 f - a meat ration
 l - a royal jelly
 p - 4 chunks of flesh


   Skills:
 - Level 1.1 Fighting
 - Level 1.7 Dodging
 + Level 5.2 Unarmed Combat
 - Level 2.0 Spellcasting
 - Level 2.0 Transmutations


You had one spell level left.
You knew the following spells:

 Your Spells              Type           Power        Failure   Level  Hunger
a - Beastly Appendage     Tmut           #.....       11%         1    ##.....
b - Sticks to Snakes      Tmut           #.......     16%         2    ###....
c - Spider Form           Tmut/Pois      #.........   43%         3    ####...


Dungeon Overview and Level Annotations

Branches:
Dungeon (3/15)

Altars:
Ru


Innate Abilities, Weirdness & Mutations

Your plain brown scales are hard. (AC +5)
You cannot fit into any form of body armour.
You are cold-blooded and may be slowed by cold attacks.


Message History

The puff of flame hits you!
Your talons disappear.
Casting: Beastly Appendage
Confirm with . or Enter, or press ? or * to list all spells.
You create a snake!
You now have 8 arrows.
The orc wizard casts a spell at you. The puff of flame hits you!
Your ball python bites the orc wizard but does no damage.
Your ball python closely misses the orc wizard.
Your ball python closely misses the orc wizard.
Your ball python barely misses the orc wizard.
The orc hits your ball python with a mace of holy wrath.
Your ball python dies!
The orc priest calls down the wrath of Beogh upon you.
Beogh smites you! The orc misses you.
The orc wizard gestures at you while chanting.
The magic dart hits you!
The orc priest mumbles some strange prayers to Beogh against you.
Beogh smites you!
You die...

#.....................
###.................%...
+.........o..........o..
###.....................
#......oo.............
#....................%
#....o................
####....o................
#.......@...............o
#....................
#......<.............
####.................
.....................
####.................
#.................
#.................
#.................


You could see an orc priest, an orc wizard and 3 orcs.

Vanquished Creatures
  A gnoll (D:2)
  3 adders (D:2)
  A worm (D:2)
  A dart slug (D:1)
  2 leopard geckos
  A ball python (D:2)
  2 giant cockroaches
  2 goblins
  9 hobgoblins
  4 kobolds (D:1)
  7 bats
  3 frilled lizards
  5 rats
41 creatures vanquished.

Vanquished Creatures (collateral kills)
  2 gnolls (D:2)
  A goblin (D:2)
3 creatures vanquished.

Grand Total: 44 creatures vanquished

Notes
Turn   | Place    | Note
-------+----------+-------------------------------------------
     0 | D:1      | StormFighter the Draconian Transmuter began the quest for the Orb.
     0 | D:1      | Reached XP level 1. HP: 16/16 MP: 3/3
   285 | D:1      | Reached XP level 2. HP: 10/23 MP: 3/5
   301 | D:1      | Learned a level 2 spell: Sticks to Snakes
   625 | D:1      | Reached skill level 4 in Unarmed Combat
   864 | D:1      | Reached XP level 3. HP: 21/28 MP: 4/6
  1372 | D:2      | Found a sacrificial altar of Ru.
  1439 | D:2      | Reached skill level 5 in Unarmed Combat
  1439 | D:2      | Reached XP level 4. HP: 33/35 MP: 5/7
  1695 | D:3      | Learned a level 3 spell: Spider Form
  1744 | D:3      | Killed from afar by an orc priest

Skill      XL: |  1  2  3 |
---------------+----------+-----
Unarmed Combat | 4 5 |  5.2
Fighting       | |  1.1
Dodging        | |  1.7
Spellcasting   | |  2.0
Transmutations | |  2.0

Action                   |  1- 3 |  4- 6 || total
-------------------------+-------+-------++-------
Melee: Unarmed           |    91 |    22 ||   113
       Headbutt          |     9 |       ||     9
       Kick              |     5 |     3 ||     8
       Tailslap          |     4 |     2 ||     6
       Punch             |     1 |       ||     1
 Cast: Beastly Appendage |    29 |     5 ||    34
       Sticks to Snakes  |     3 |     1 ||     4
  Eat: Chunk             |     2 |     2 ||     4
Armor: Skin              |    25 |     7 ||    32
Dodge: Dodged            |    60 |    11 ||    71
